 Dungeon Crawl Stone Soup version 0.29.0-4-gdea44cf6ec (webtiles) character file.

Game seed: 4968792577995299428

128 qw the Chopper (level 5, -9/30 HPs)
             Began as a Tengu Warper on Aug 28, 2022.
             Mangled by an ogre
             ... wielding a +0 giant club
              (15 damage)
             ... on level 3 of the Dungeon.
             The game lasted 00:00:19 (2709 turns).

qw the Chopper (Tengu Warper)                       Turns: 2709, Time: 00:00:19

Health: -9/30      AC:  8    Str: 13    XL:     5   Next: 12%
Magic:  9/9        EV:  7    Int: 13    God:
Gold:   131        SH:  0    Dex: 14    Spells: 8/8 levels left

rFire   . . .      SeeInvis .   Y - +0 hand axe
rCold   . . .      Faith    .   (no shield)
rNeg    . . .      Spirit   .   l - +0 chain mail
rPois   .          Reflect  .   (helmet restricted)
rElec   .          Harm     .   (no cloak)
rCorr   .          Rampage  .   (no gloves)
Will    .....                   (boots unavailable)
Stlth   ..........              (no amulet)
HPRegen 0.10/turn               (no ring)
MPRegen 0.11/turn               (no ring)

@: flying quickly and evasively, quick
A: beak, talons 3, nimble flight
a: no special abilities


You were on level 3 of the Dungeon.
You visited 1 branch of the dungeon, and saw 3 of its levels.

You collected 131 gold pieces.


Innate Abilities, Weirdness & Mutations

You have a beak for a mouth.
You have claws for feet.
Your magical nature lets you fly swiftly and evasively.


   Skills:
 - Level 2.0 Fighting
 + Level 5.6 Axes
 - Level 1.0 Throwing
 - Level 1.1 Armour
 - Level 2.1 Dodging
 - Level 2.0 Spellcasting
 - Level 2.4 Translocations


You had 8 spell levels left.
You didn't know any spells.
Your spell library contained the following spells:

 Spells                   Type           Power      Damage    Failure   Level
 Blink                    Tloc           14%        N/A       99%         2
 Gell's Gravitas          Tloc           7%         N/A       100%        3
 Lesser Beckoning         Tloc           7%         N/A       100%        3
 Teleport Other           Tloc           7%         N/A       100%        3
 Manifold Assault         Tloc           7%         N/A       100%        5

Inventory:

Hand Weapons
 i - a +0 flail
 Y - a +0 hand axe (weapon)
Armour
 l - a +0 chain mail (worn)
Scrolls
 c - a scroll of identify
Potions
 e - a potion of berserk rage {unknown}
 f - a potion of lignification {unknown}
 g - a potion of brilliance {unknown}
 h - a potion of curing
 k - a potion of might {unknown}
 n - a potion of haste {unknown}

Dungeon Overview and Level Annotations

Branches:
Dungeon (3/15)

Altars:


Message History

2645 ||| READING scroll labelled WIOKIE UNWU.
As you read the scroll labelled WIOKIE UNWU, it crumbles to dust.
You feel strangely unstable.
It was a scroll of teleportation.
You start waiting.
Your surroundings suddenly seem different.
Done exploring.
(D) Dungeon
Where to? (* - list waypoints, Enter - D:3, ? - help)
What level of the Dungeon? (default 1, ? - help)
You see here a +0 leather armour.
There is a stone staircase leading down here.
You fly downwards.
There is a stone staircase leading up here.
An orc comes into view. It is wielding a +0 whip.
Found a book of Dreams.
The orc shouts!
You hit the orc. You peck the orc, but do no damage.
The orc is lightly wounded.
The orc closely misses you.
You hit the orc. You claw the orc.
You kill the orc!
Things that are here:
a +0 whip; a +0 ring mail You see here a book of Dreams.
Found a stone staircase leading down.
A rat comes into view.
You completely miss the rat. You claw the rat.
You kill the rat!
You see here a rat corpse.
You see here a staff of death.
An ogre comes into view. It is wielding a +0 giant club.
The ogre shouts!
You see here a staff of death.
You hit the ogre but do no damage.
The ogre hits you with a +0 giant club!!
Ouch! That really hurt!
You barely miss the ogre. Your kick misses the ogre.
The ogre hits you with a +0 giant club!
Ouch! That really hurt!
You die...

##########
################.........
#......%......##.########
####:#####.....>....#####
.)....# #.###...|.......#
.###.## #.# #.#@#######.#
.# ### #.# #.#O#
.#########.# .....
...........#.#.#.##
[..#######.#.#.#.#
..#...####.# #.#.#
.###[......# #.#.#
..#.#)####.# #.#
##.##)####.#.J


You could see an ogre.

Vanquished Creatures
  Terence (D:3)
  An orc wizard (D:3)
  2 adders (D:2)
  2 worms (D:2)
  A dart slug (D:1)
  3 orcs (D:3)
  5 bats
  An endoplasm (D:2)
  3 giant cockroaches (D:1)
  5 goblins
  3 hobgoblins
  2 jackals (D:1)
  2 kobolds (D:2)
  4 quokkas
  7 ball pythons
  5 frilled lizards
  6 rats
53 creatures vanquished.

Vanquished Creatures (others)
  A plant (D:3)
1 creature vanquished.

Grand Total: 54 creatures vanquished

Notes
Turn   | Place    | Note
-------+----------+-------------------------------------------
     0 | D:1      | qw the Tengu Warper began the quest for the Orb.
     0 | D:1      | Reached XP level 1. HP: 12/12 MP: 4/4
     0 | D:1      | 0 ||| qw: Version: 0.1-a-89-g26bdef1
     0 | D:1      | 0 ||| qw: Game counter: 1947
     0 | D:1      | 0 ||| qw: Always use a shield: true
     0 | D:1      | 0 ||| qw: God list: Okawaru
     0 | D:1      | 0 ||| qw: Allow faded altars: false
     0 | D:1      | 0 ||| qw: Do Orc after D:15 true
     0 | D:1      | 0 ||| qw: Do second Lair branch before Depths: true
     0 | D:1      | 0 ||| qw: Lair rune preference: random
     0 | D:1      | 0 ||| qw: Plans: Normal
     0 | D:1      | 0 ||| PLANNING D:1-11
     4 | D:1      | 4 ||| Stepping ~*~*~tactically~*~*~ (stealth).
    11 | D:1      | 11 ||| Stepping ~*~*~tactically~*~*~ (stealth).
    13 | D:1      | 13 ||| Stepping ~*~*~tactically~*~*~ (stealth).
   261 | D:1      | Reached XP level 2. HP: 17/17 MP: 6/6
   318 | D:1      | Reached skill level 3 in Axes
   359 | D:1      | 359 ||| Stepping ~*~*~tactically~*~*~ (stealth).
   392 | D:1      | 392 ||| Stepping ~*~*~tactically~*~*~ (stealth).
   416 | D:1      | 416 ||| Stepping ~*~*~tactically~*~*~ (water).
   745 | D:1      | Reached XP level 3. HP: 21/21 MP: 7/7
   818 | D:1      | 818 ||| Stepping ~*~*~tactically~*~*~ (stealth).
   939 | D:1      | 939 ||| UPGRADING to +0 ring mail.
   949 | D:1      | 949 ||| DROPPING +0 leather armour.
   950 | D:1      | 950 ||| UPGRADING to +0 chain mail.
   960 | D:1      | 960 ||| DROPPING +0 ring mail.
   961 | D:1      | 961 ||| READING scroll labelled HOGUAMEU QIRI.
  1062 | D:1      | 1062 ||| READING scroll labelled GAMPYKH GOEM.
  1063 | D:1      | 1063 ||| READING scroll labelled ZIAHED VETOH.
  1064 | D:1      | 1064 ||| DROPPING scroll of blinking.
  1183 | D:2      | Reached skill level 4 in Axes
  1240 | D:2      | HP: 1/21 [worm (9)]
  1523 | D:2      | Found a faded altar of an unknown god.
  1650 | D:2      | 1650 ||| DROPPING +0 club.
  1913 | D:2      | 1913 ||| Stepping ~*~*~tactically~*~*~ (stealth).
  1924 | D:2      | 1924 ||| Stepping ~*~*~tactically~*~*~ (stealth).
  1928 | D:2      | 1928 ||| Stepping ~*~*~tactically~*~*~ (stealth).
  1930 | D:2      | 1930 ||| Stepping ~*~*~tactically~*~*~ (stealth).
  1933 | D:2      | Reached XP level 4. HP: 26/26 MP: 8/8
  1935 | D:2      | 1935 ||| Stepping ~*~*~tactically~*~*~ (stealth).
  1936 | D:2      | 1936 ||| Stepping ~*~*~tactically~*~*~ (stealth).
  1960 | D:2      | 1960 ||| Stepping ~*~*~tactically~*~*~ (stealth).
  2133 | D:2      | 2133 ||| FLEEEEING.
  2134 | D:2      | 2134 ||| FLEEEEING.
  2135 | D:2      | 2135 ||| FLEEEEING.
  2136 | D:2      | 2136 ||| FLEEEEING.
  2137 | D:2      | 2137 ||| FLEEEEING.
  2138 | D:2      | 2138 ||| FLEEEEING.
  2139 | D:2      | 2139 ||| FLEEEEING.
  2140 | D:2      | 2140 ||| FLEEEEING.
  2141 | D:2      | 2141 ||| FLEEEEING.
  2142 | D:2      | 2142 ||| FLEEEEING.
  2143 | D:2      | 2143 ||| FLEEEEING.
  2144 | D:2      | 2144 ||| FLEEEEING.
  2145 | D:2      | 2145 ||| FLEEEEING.
  2146 | D:2      | 2146 ||| FLEEEEING.
  2147 | D:2      | 2147 ||| FLEEEEING.
  2148 | D:2      | 2148 ||| FLEEEEING.
  2149 | D:2      | 2149 ||| FLEEEEING.
  2150 | D:2      | 2150 ||| STAIRDANCE
  2243 | D:1      | 2243 ||| READING scroll labelled SEITASTR ECODD.
  2244 | D:1      | 2244 ||| READING scroll labelled CILUAF NAUNIY.
  2245 | D:1      | 2245 ||| READING 2 scrolls labelled NASIRPH XOFOPNA.
  2246 | D:1      | 2246 ||| READING scroll labelled XINEMA UCYSO.
  2247 | D:1      | 2247 ||| DRINKING 2 bubbling golden potions.
  2248 | D:1      | 2248 ||| DROPPING scroll of immolation.
  2252 | D:2      | 2252 ||| STAIRDANCE
  2365 | D:3      | 2365 ||| Stepping ~*~*~tactically~*~*~ (hiding).
  2381 | D:3      | Reached skill level 5 in Axes
  2505 | D:3      | 2505 ||| DROPPING +0 whip.
  2508 | D:3      | Noticed Terence
  2518 | D:3      | 2518 ||| Stepping ~*~*~tactically~*~*~ (stealth).
  2524 | D:3      | Killed Terence
  2525 | D:3      | Gained mutation: Your magical nature lets you fly swiftly
                  | and evasively. [Tengu growth]
  2525 | D:3      | Reached XP level 5. HP: 18/30 MP: 9/9
  2527 | D:3      | 2527 ||| FLEEEEING.
  2535 | D:3      | 2535 ||| STAIRDANCE
  2644 | D:2      | 2644 ||| READING scroll labelled VIRIUMOSARPH.
  2645 | D:2      | 2645 ||| READING scroll labelled WIOKIE UNWU.
  2702 | D:3      | Noticed an ogre
  2708 | D:3      | HP: 6/30 [ogre/+0 giant club (24)]
  2709 | D:3      | Mangled by an ogre

Levels and vault maps discovered:
D:1:      erik_arrival_blinker_ship, layout_rooms, serial_forest,
          infiniplex_forest_lined_2, infiniplex_forest_end_3,
          infiniplex_forest_clump_medium, infiniplex_forest_clump_small,
          hangedman_decor_clover_reticule, minivault_14, st_stairs_7
D:2:      layout_basic, ebering_ecumenical_altar_hall
D:3:      layout_loops_ring, serial_bayou_crossing, uniq_terence

Skill      XL: |  1  2  3  4 |
---------------+-------------+-----
Axes           | 3 4 5 |  5.6
Fighting       | |  2.0
Throwing       | |  1.0
Armour         | |  1.1
Dodging        | |  2.1
Spellcasting   | |  2.0
Translocations | |  2.4

Action                   |  1- 3 |  4- 6 || total
-------------------------+-------+-------++-------
Melee: Hand axe          |   116 |    42 ||   158
       Kick              |    19 |    13 ||    32
       Peck              |    10 |     6 ||    16
       Punch             |       |     2 ||     2
Throw: Boomerang         |     7 |       ||     7
  Use: Scroll            |     3 |     6 ||     9
       Potion            |       |     1 ||     1
Armor: Leather armour    |    18 |       ||    18
       Chain mail        |    12 |    14 ||    26
Dodge: Dodged            |    47 |    12 ||    59

Table legend:
 A = Non-vault XP
 B = Vault XP
 C = Vault XP percentage of total XP
 D = Non-vault monster count
 E = Vault monster count
 F = Vault count percentage of total count
                 A         B        C        D         E       F
            +---------+---------+-------+---------+---------+-------
      Total |     146 |      38 |  20.7 |      50 |       3 |   5.7
            +---------+---------+-------+---------+---------+-------
        D:1 |      40 |       2 |   4.8 |      25 |       2 |   7.4
        D:2 |      61 |       0 |   0.0 |      20 |       0 |   0.0
        D:3 |      45 |      36 |  44.4 |       5 |       1 |  16.7
            +---------+---------+-------+---------+---------+-------
